Map: Abyssal Reef LE

Players

SortOf - Winner!

  • Race: Zerg Zerg
  • Spawn Location: 5:00

AdminB

  • Race: Terran Terran
  • Spawn Location: 11:00

Event: WCS Montreal 2017

VOD

Have the link to the VOD?

Description

Time

  • Played on: Sept. 8, 2017, 11:20 a.m.
  • Length: 4:27

All games in this series

Show
View Real Time Build Order
Export as new Build Order

SortOf Zerg - Winner!

Build Orders: Pool First 

Get SALT Encoding   

  12  0:01  Drone  
  13  0:13  Overlord  
  13  0:17  Drone  
  14  0:31  Drone x2  
  16  0:37  Drone  
  17  0:46  Spawning Pool  
  17  0:49  Drone  
  17  0:58  Drone  
  17  0:59  Extractor  
  17  1:07  Drone  
  18  1:19  Hatchery  
  18  1:22  Drone  
  18  1:33  Queen  
  18  1:36  Zergling x2  
  21  1:41  Drone  
  22  1:50  Overlord  
  22  1:57  Roach Warren  
  21  2:02  Drone  
  22  2:11  Queen  
  24  2:37  Roach x3  
  24  2:39  Roach  
  24  2:42  Roach x2  
  36  2:49  Overlord  
  35  3:02  Overlord  
  35  3:08  Ravager, Drone  
  35  3:09  Drone x2  
  35  3:10  Drone  
  40  3:14  Drone  
  41  3:20  Drone  
  41  3:23  Ravager  
  41  3:25  Overlord  
  43  3:29  Drone  
  43  3:31  Drone  
  45  3:36  Drone x2  
  47  3:41  Drone  
  47  3:42  Drone  
  47  3:48  Drone x2  
  51  3:57  Ravager  
  51  3:59  Drone x3  
  56  4:10  Drone x2  
Show
View Real Time Build Order
Export as new Build Order

AdminB Terran 

Build Orders: Reaper Expand 

Get SALT Encoding   

  12  0:01  SCV  
  13  0:13  SCV  
  14  0:17  Supply Depot  
  14  0:25  SCV  
  15  0:39  SCV  
  15  0:40  Barracks  
  16  0:45  Refinery  
  16  0:51  SCV  
  17  1:03  SCV  
  18  1:15  SCV  
  19  1:27  Orbital Command, Reaper  
  20  1:42  Command Center  
  20  1:53  Barracks  
  20  1:56  SCV  
  20  2:01  Barracks Reactor  
  21  2:08  SCV  
  21  2:11  Supply Depot  
  22  2:16  Refinery  
  22  2:20  SCV  
  23  2:27  Factory  
  23  2:32  SCV  
  23  2:41  Marine x2  
  25  2:45  SCV  
  26  2:51  Barracks Tech Lab  
  26  2:59  Marine x2  
  26  3:04  SCV  
  29  3:11  Orbital Command  
  29  3:18  Marine x2  
  31  3:20  Factory Reactor  
  31  3:21  Starport  
  31  3:25  SCV  
  32  3:37  SCV  
  32  3:43  Bunker  
  32  3:44  Marine  
  34  4:03  Bunker  
Tags
 
Add a new tag
Caveats
  • Supply blocks, unpowered buildings, or Contaminate may cause inaccurate times.
  • Supply counts are checked every 10 seconds.